Map: Blackpink LE

Players

Gemini - Winner!

  • Race: Protoss Protoss
  • League: Grandmaster
  • Spawn Location: 7:00

A.I. 1 (Very Easy)

  • Race: Protoss Protoss
  • Spawn Location: 1:00

VOD

Have the link to the VOD?

Description

Time

  • Played on: Dec. 9, 2017, 5:48 p.m.
  • Length: 5:18
Show
View Real Time Build Order
Export as new Build Order

Gemini Protoss - Winner!

Build Orders: Blink Stalkers 

Get SALT Encoding   

  6  0:00  Probe  
  13  0:12  Probe  
  14  0:16  Pylon  
  14  0:24  Probe  
  15  0:34  Gateway  
  15  0:37  Probe  
  16  0:43  Assimilator  
  16  0:49  Probe (Chrono Boost)  
  17  0:52  Assimilator  
  18  0:59  Probe (Chrono Boost)  
  18  1:03  Probe (Chrono Boost)  
  19  1:08  Gateway  
  19  1:14  Probe (Chrono Boost)  
  20  1:23  Cybernetics Core  
  20  1:25  Probe  
  21  1:32  Pylon  
  21  1:37  Probe  
  22  1:49  Probe  
  23  1:59  Adept x2, Warp Gate  
  27  2:01  Probe  
  28  2:11  Pylon  
  28  2:15  Twilight Council  
  28  2:29  Stalker  
  30  2:31  Stalker  
  32  2:57  Nexus  
  32  3:07  Blink (Chrono Boost)  
  32  3:15  Stalker  
  34  3:21  Stalker  
  36  3:32  Gateway  
  36  3:48  Pylon  
  36  4:03  Stalker  
  36  4:06  Stalker  
  40  4:18  Pylon  
  40  4:29  Stalker x3  
  46  4:36  Pylon  
  46  4:54  Stalker x3  
Show
View Real Time Build Order
Export as new Build Order

A.I. 1 (Very Easy) Protoss 

Build Orders:  

Get SALT Encoding   

  6  0:00  Probe  
  13  0:13  Probe  
  14  0:19  Pylon  
  14  0:38  Assimilator  
  14  0:43  Gateway  
  14  0:46  Pylon  
  14  1:13  Assimilator  
  14  1:22  Probe  
  15  1:34  Probe, Cybernetics Core  
  16  1:46  Probe  
  17  1:58  Probe  
  18  2:10  Probe, Warp Gate  
  18  2:12  Stalker  
  21  2:22  Probe  
  22  4:05  Probe  
  21  4:24  Probe  
  22  4:48  Probe  
  22  4:49  Stalker  
  22  4:52  Pylon  
  17  5:00  Probe  
Tags
 
Composition
Blink Stalkers
Matchup
PvP
Spawn Locations
Cross Positions
Add a new tag
Caveats
  • Supply blocks, unpowered buildings, or Contaminate may cause inaccurate times.
  • Supply counts are checked every 10 seconds.